 Dungeon Crawl Stone Soup version 0.18-a0-1788-g92de1ac (webtiles) character file.

74303 dobroeutro the Fighter (level 15, -6/100 HPs)
             Began as a Gargoyle Fighter on Apr 18, 2016.
             Was the Champion of Okawaru.
             Killed by divine providence
             ... invoked by an orc priest
              (11 damage)
             ... on level 2 of the Orcish Mines on Apr 19, 2016.
             The game lasted 01:10:01 (23822 turns).

dobroeutro the Fighter (Gargoyle Fighter)          Turns: 23822, Time: 01:10:02

Health: -6/100     AC: 39    Str: 29    XL:     15   Next: 46%
Magic:  15/17      EV: 14    Int: 11    God:    Okawaru [******]
Gold:   1877       SH: 26    Dex:  8    Spells: 0 memorised, 14 levels left

rFire  . . .     SeeInvis .     t - +4 flail (protect)
rCold  + . .     Gourm    .     X - +0 ring mail {rC+}
rNeg   + . .     Faith    .     u - +1 large shield
rPois  ∞         Spirit   .     L - +2 hat
rElec  +         Dismiss  .     (no cloak)
rCorr  .         Reflect  +     T - +1 pair of gloves {archery}
SustAt .         Harm     .     W - +0 pair of boots
MR     ++...                    y - +2 amulet of reflection
Stlth  ++........               c - +5 ring of protection
                                h - +3 ring of protection

@: heroism, very resistant to hostile enchantments, unstealthy
A: big wings, clever 1, clumsy 1, magic resistance 1, negative energy resistance
1, electricity resistance, slow regeneration 1, strong 2, unbreathing,
petrification resistance, rot immunity, AC +11
a: Fly, Heroism, Finesse, Renounce Religion


You were on level 2 of the Orcish Mines.
You worshipped Okawaru.
Okawaru was exalted by your worship.
You were not hungry.

You visited 4 branches of the dungeon, and saw 22 of its levels.
You also visited: Ice Cave.

You collected 1877 gold pieces.

Inventory:

Hand Weapons
 t - a +4 flail of protection (weapon)
Missiles
 A - 6 exploding tomahawks (quivered)
Armour
 b - a +0 scale mail
 r - a +4 plate armour of cold resistance
 u - a +1 large shield (worn)
 L - a +2 hat (worn)
 T - a +1 pair of gloves of archery (worn)
 W - a +0 pair of boots (worn)
 X - a +0 ring mail of cold resistance (worn)
 Z - the +0 buckler of the Iron Devil {rCorr Int-2 Dex+2}
   (You found it on level 6 of the Lair of Beasts)

   It affects your intelligence (-2).
   It affects your dexterity (+2).
   It protects you from acid and corrosion.
Rods
 x - a +0 lightning rod (12/12)
   (You found it on level 6 of the Dungeon)
Jewellery
 c - a +5 ring of protection (right hand)
 h - a +3 ring of protection (left hand)
 y - a +2 amulet of reflection (around neck)
 N - a cursed ring of loudness {unknown}
Wands
 j - a wand of iceblast (6/15)
 v - a wand of lightning (3/15)
 z - a wand of acid (0/15)
 C - a wand of random effects (16/48)
 G - a wand of confusion (21/48)
 O - a wand of digging (9/24)
 P - a wand of polymorph (18/24)
 U - a wand of lightning (3/15)
Scrolls
 g - 2 scrolls of blinking
 w - 3 scrolls of fog
 B - 7 scrolls of teleportation
 D - 2 scrolls of recharging
 H - 4 scrolls of remove curse
 I - a scroll of magic mapping
 K - 3 scrolls of enchant armour
 V - a scroll of identify
Potions
 a - 2 potions of flight
 d - 2 potions of might
 e - 3 potions of brilliance
 i - a potion of resistance {unknown}
 m - a potion of cure mutation
 n - a potion of agility
 p - 3 potions of degeneration
 q - 4 potions of lignification
 s - a potion of magic
 J - 2 potions of haste
 M - a potion of cancellation {unknown}
 R - a potion of beneficial mutation {unknown}
 S - a potion of berserk rage {unknown}
Miscellaneous
 F - a phantom mirror
Comestibles
 f - 8 bread rations
 k - 6 chunks of flesh
 l - 7 meat rations
 o - 7 beef jerkies
 E - 21 fruits


   Skills:
 + Level 14.1(19.1) Fighting
 + Level 13.0(18.0) Maces & Flails
 + Level 13.8(18.8) Armour
 + Level 6.8(11.8) Dodging
 + Level 14.1(19.1) Shields
 + Level 3.3 Invocations


You had 14 spell levels left.
You didn't know any spells.

Dungeon Overview and Level Annotations

Branches:
Dungeon (11/15)            Temple (1/1) D:6            Lair (8/8) D:8
 Shoals (0/4) Lair:5       Spider (0/4) Lair:3        Slime (0/6) Lair:6
    Orc (2/2) D:10            Elf (0/3) Orc:2

Altars:
Ashenzari
Cheibriados
Dithmenos
Elyvilon
Fedhas
Gozag
Kikubaaqudgha
Makhleb
Nemelex Xobeh
Okawaru
Pakellas
Qazlal
Ru
Sif Muna
Trog
Vehumet
Xom
Yredelemnul
Zin
The Shining One
Beogh

Shops:
Orc:2 }%!*

Annotations:
Lair:1 exclusion: oklob plant
Lair:8 exclusion: 3 doors


Innate Abilities, Weirdness & Mutations

You are resistant to torment.
Your stone body is resilient (AC +11).
You are immune to poison.
Your large and strong wings let you fly indefinitely.
You resist negative energy.
You are resistant to electric shocks.
You can survive without breathing.
You are immune to petrification.
You are immune to rotting.
Your mind is acute. (Int +2)
You are clumsy. (Dex -2)
You are resistant to hostile enchantments.
You regenerate slowly when monsters are visible.
Your muscles are very strong. (Str +4)


Message History

The chaos spawn degenerates into a cloud of primal chaos!
The orc priest looks braver for a moment.
The orc priest invokes the aid of Beogh against you.
Beogh smites you!
* * * LOW HITPOINT WARNING * * *
Drink which item? (? for menu, Esc to quit)
You feel much better. You block the orc warrior's attack.
The orc priest calls down the wrath of Beogh upon you.
Beogh smites you!
* * * LOW HITPOINT WARNING * * *
The orc priest calls upon Beogh to heal something.
You sock the orc warrior!
The orc warrior is moderately wounded.
You block the orc warrior's attack.
The orc priest invokes the aid of Beogh against you.
Beogh smites you!
* * * LOW HITPOINT WARNING * * *
The orc priest calls down the wrath of Beogh upon you.
Beogh smites you!
You die...

#..###.###'#####.##.o..#.....####
.###.............##ooo##.....# ##
#.##[##....#####o4.#.....##
####.#...#....#.(##..##[....#####
.....#...#....'..#..3#......##...
####.#####)####..#.........##....
#..#....).....####.o......##...8.
)..#.....####.####o8...8...8.....
#.)#..⌠[.#..#..§@o§............_.
####.....#[.'.####o8...8...8.....
..[[)....#..#.####........##...8.
##[#####[####.#..#.........##....
...#...#......'..#...#......##...
...#)..#.#....#..##..##.....#####
...##'##.#....#####...#.....##
.........#.......##...##.....#
##'###.###'#####.##....#.....####


You could see an orc warrior, 2 orc priests and an orc.

Vanquished Creatures
  Saint Roka (Orc:2)
  Gastronok (Lair:1)
  An ettin (Orc:1)
  5 hydras
  Fannar (Lair:3)
  3 catoblepae
  4 death yaks (Lair:8)
  3 orc high priests (Orc:2)
  An unseen horror (D:10)
  6 orc knights (Orc:2)
  4 orc sorcerers
  3 griffons
  2 ice statues (IceCv)
  10 black mambas
  6 elephants (Lair:7)
  4 rime drakes
  13 spiny frogs
  8 komodo dragons
  6 trolls
  24 blink frogs
  4 two-headed ogres
  A vampire (D:10)
  57 yaks
  A wyvern (Lair:6)
  A tarantella (Lair:3)
  A wraith (D:10)
  A basilisk (Lair:8)
  Grum (Lair:1)
  6 hippogriffs
  2 hungry ghosts
  5 wargs
  Edmund (D:4)
  18 water moccasins
  16 porcupines
  10 ice beasts
  2 sky beasts
  49 orc warriors
  2 eyes of draining
  A wasp (D:10)
  2 phantoms
  16 ogres
  2 necrophages
  23 wolves
  13 centaurs
  13 crocodiles
  3 big kobolds
  Blork the orc (D:5)
  15 giant frogs
  8 killer bees
  4 scorpions
  A water moccasin skeleton (D:10)
  7 howler monkeys
  2 crimson imps
  A lava snake (Lair:2)
  A quasit (D:8)
  3 hounds
  7 jellies
  32 orc priests
  11 iguanas
  26 orc wizards
  2 centaur skeletons
  A gnoll shaman (D:8)
  6 worker ants
  6 hell rats (Lair:5)
  54 sheep
  A hound zombie (D:10)
  A hound skeleton (D:8)
  A howler monkey zombie (D:5)
  8 gnolls
  4 worker ant zombies
  11 adders
  52 river rats
  A shadow imp (D:5)
  3 oozes (Lair:6)
  3 adder zombies
  2 worms
  2 dart slugs
  8 giant geckos
  114 orcs
  6 giant cockroaches
  5 goblins
  10 hobgoblins
  5 jackals
  18 kobolds
  5 quokkas
  2 ball pythons (D:3)
  10 bats
  A giant cockroach zombie (D:5)
  A giant gecko skeleton (D:5)
  3 giant newts
  A jackal zombie (D:5)
  2 quokka zombies
  8 rats
833 creatures vanquished.

Vanquished Creatures (others)
  2 orc wizards (D:10)
  2 river rats (Lair:6)
  A bush (Lair:7)
  A fire vortex (Lair:2)
  13 fungi
  6 plants
25 creatures vanquished.

Grand Total: 858 creatures vanquished

Notes
Turn   | Place    | Note
--------------------------------------------------------------
     0 | D:1      | dobroeutro the Gargoyle Fighter began the quest for the Orb.
     0 | D:1      | Reached XP level 1. HP: 14/14 MP: 1/1
   194 | D:1      | Reached XP level 2. HP: 18/19 MP: 2/2
   677 | D:2      | Reached XP level 3. HP: 23/23 MP: 3/3
  1089 | D:2      | Reached XP level 4. HP: 27/29 MP: 4/4
  1642 | D:3      | Reached XP level 5. HP: 25/33 MP: 5/5
  1871 | D:4      | Noticed Edmund
  1890 | D:4      | Killed Edmund
  1890 | D:4      | Reached XP level 6. HP: 31/39 MP: 6/6
  2195 | D:4      | Reached skill level 5 in Armour
  2195 | D:4      | Reached skill level 5 in Shields
  2293 | D:4      | Reached XP level 7. HP: 43/44 MP: 7/7
  2377 | D:4      | Found a shimmering altar of Xom.
  2462 | D:4      | Reached skill level 5 in Fighting
  2553 | D:5      | Entered Level 5 of the Dungeon
  2751 | D:5      | Reached skill level 5 in Maces & Flails
  2751 | D:5      | Reached XP level 8. HP: 33/51 MP: 8/8
  3239 | D:5      | Noticed Blork the orc
  3249 | D:5      | Killed Blork the orc
  3939 | D:6      | Identified Moxab's Volume of Dusty Self-Knowledge
  4042 | D:6      | Found a staircase to the Ecumenical Temple.
  4102 | Temple   | Entered the Ecumenical Temple
  4384 | D:6      | Reached XP level 9. HP: 56/56 MP: 9/9
  5127 | D:7      | Found a glowing golden altar of the Shining One.
  5134 | D:7      | Found a stormy altar of Qazlal.
  5139 | D:7      | Found a sacrificial altar of Ru.
  5149 | D:7      | Found an opulent altar of Gozag.
  5154 | D:7      | Found a blossoming altar of Fedhas.
  5162 | D:7      | Found a snail-covered altar of Cheibriados.
  5166 | D:7      | Found an iron altar of Okawaru.
  5170 | D:7      | Became a worshipper of Warmaster Okawaru
  5457 | D:8      | Found a staircase to the Lair.
  5483 | D:8      | Reached * piety under Okawaru
  5579 | D:8      | Reached XP level 10. HP: 64/64 MP: 10/10
  6202 | D:9      | Noticed a catoblepas
  6247 | D:9      | Killed a catoblepas
  6247 | D:9      | Reached ** piety under Okawaru
  6426 | D:10     | Entered Level 10 of the Dungeon
  6896 | D:10     | Reached *** piety under Okawaru
  7011 | D:10     | Found a staircase to the Orcish Mines.
  7217 | D:10     | Reached XP level 11. HP: 72/72 MP: 11/11
  7267 | D:10     | Received a gift from Okawaru
  7344 | D:10     | Reached **** piety under Okawaru
  7702 | D:10     | Reached skill level 10 in Fighting
  7818 | D:10     | Killed an unseen horror
  8007 | D:10     | Reached skill level 10 in Armour
  8041 | D:11     | Reached skill level 10 in Shields
  8118 | D:10     | Reached ***** piety under Okawaru
  8729 | Lair:1   | Entered Level 1 of the Lair of Beasts
  8732 | Lair:1   | Noticed Grum
  8755 | Lair:1   | Killed Grum
  9191 | D:8      | Received a gift from Okawaru
  9407 | Lair:1   | Reached XP level 12. HP: 58/79 MP: 12/12
  9558 | Lair:1   | Reached skill level 10 in Maces & Flails
  9673 | Lair:1   | Noticed Gastronok
  9694 | Lair:1   | Killed Gastronok
  9694 | Lair:1   | Reached ****** piety under Okawaru
  9694 | Lair:1   | Received a gift from Okawaru
 10493 | Lair:2   | Found a shattered altar of Ashenzari.
 10684 | Lair:2   | Noticed a seven-headed hydra
 10703 | Lair:2   | Killed a seven-headed hydra
 11042 | Lair:2   | Reached skill level 1 in Dodging
 11212 | Lair:3   | Noticed a six-headed hydra
 11220 | Lair:3   | Killed a six-headed hydra
 11237 | Lair:3   | Noticed a seven-headed hydra
 11249 | Lair:3   | Killed a seven-headed hydra
 11317 | Lair:3   | Noticed Fannar
 11637 | Lair:3   | Killed Fannar
 11637 | Lair:3   | Reached XP level 13. HP: 84/86 MP: 7/13
 12054 | Lair:3   | Found a hole to the Spider Nest.
 12127 | Lair:3   | Found a bloodstained altar of Trog.
 14129 | Lair:5   | Found a staircase to the Shoals.
 14274 | Lair:5   | Received a gift from Okawaru
 14574 | Lair:6   | Found a frozen archway.
 14594 | IceCv    | Entered an ice cave
 14843 | Lair:6   | Found a staircase to the Slime Pits.
 15364 | Lair:6   | Got a heavily runed buckler
 15396 | Lair:6   | Identified the +0 buckler of the Iron Devil {rCorr Int-2 Dex+2} (You found it on level 6 of the Lair of Beasts)
 15677 | Lair:6   | Upgraded the game from 0.18-a0-1784-ga939a68 to 0.18-a0-1788-g92de1ac
 15775 | Lair:7   | Gained mutation: Your large and strong wings let you fly indefinitely. [Gargoyle growth]
 15775 | Lair:7   | Reached XP level 14. HP: 92/92 MP: 14/14
 16275 | Lair:7   | Received a gift from Okawaru
 16710 | Lair:7   | Reached skill level 5 in Dodging
 17097 | Lair:8   | Entered Level 8 of the Lair of Beasts
 17473 | Lair:8   | Gained mutation: Your muscles are strong. (Str +2) [potion of mutation]
 17473 | Lair:8   | Gained mutation: You are resistant to hostile enchantments. [potion of mutation]
 17473 | Lair:8   | Gained mutation: Your mind is acute. (Int +2) [potion of mutation]
 17474 | Lair:8   | Gained mutation: You are clumsy. (Dex -2) [potion of mutation]
 17474 | Lair:8   | Gained mutation: Your muscles are very strong. (Str +4) [potion of mutation]
 17474 | Lair:8   | Gained mutation: You regenerate slowly when monsters are visible. [potion of mutation]
 19109 | Orc:1    | Entered Level 1 of the Orcish Mines
 19622 | Orc:1    | Received a gift from Okawaru
 19744 | Orc:2    | Entered Level 2 of the Orcish Mines
 20289 | Orc:2    | Found a staircase to the Elven Halls.
 20817 | Orc:2    | Reached XP level 15. HP: 100/100 MP: 15/15
 21153 | Orc:2    | Found a roughly hewn altar of Beogh.
 21184 | Orc:2    | Reached skill level 1 in Invocations
 21527 | Orc:2    | Found Kuonne Nuem's Gadget Emporium.
 21530 | Orc:2    | Received a gift from Okawaru
 21570 | Orc:2    | Found Ukhlups's Food Shoppe.
 21956 | Orc:2    | Found a roughly hewn altar of Beogh.
 21958 | Orc:2    | Noticed Saint Roka
 22020 | Orc:1    | HP: 3/100 [orc priest/nerve-wracking pain (5)]
 22726 | Orc:2    | Killed Saint Roka
 23039 | Orc:2    | Found Peonibef's Assorted Antiques.
 23395 | Orc:2    | Received a gift from Okawaru
 23788 | Orc:2    | Found Ariala's Distillery.
 23822 | Orc:2    | HP: 5/100 [orc priest/divine providence (16)]
 23822 | Orc:2    | Killed from afar by an orc priest

Vault maps used:
D:1:      matt_arrival_diagonals, grunt_decor_fettered
D:4:      first_bread, tgw_xom, uniq_edmund
D:5:      lemuel_upstairs_altar, uniq_blork_the_orc
D:6:      old_forge
D:7:      grunt_temple_overflow_octagram
D:8:      lair_0_dummy
D:9:      erik_1, serial_shops, kennysheep_mini_moat, hangedman_tree_tricks
D:10:     erik_orc_4, fountainhead, minmay_joined_circles
D:11:     kennysheep_town
Temple:   circular_temple_13
Lair:1:   minmay_lair_oklob_items, beast_lair_carwin_5, grunt_megastairs_3,
          uniq_grum, uniq_gastronok
Lair:2:   lemuel_centaur_altar, infiniplex_staircase_pool_2
Lair:3:   spider_nest_entry_rubble, basic_altar, serial_bayou_pond_b,
          grunt_megastairs_2, infiniplex_staircase_pool, uniq_fannar
Lair:5:   shoals_dummy_entry, grunt_forest_small_clearings, serial_bayou_pond_b,
          serial_bayou_pond_b
Lair:6:   nicolae_slime_entry_slimehenge, portal_ice_cave_entry_pillars_01
Lair:7:   wad_woods_06
Lair:8:   due_jungle_book, lemuel_fruit_fields, grunt_megastairs_4
Orc:2:    pubby_orc_utopia
IceCv:    ice_cave_statue_garden_01

Skill      XL: |  1  2  3  4  5  6  7  8  9 10 11 12 13 14 15 |
---------------+----------------------------------------------+-----
Armour         | 4 5 6 8 9 10 12 13 | 13.8
Maces & Flails | 3 4 5 6 7 8 9 11 12 13 | 13.0
Fighting       | 4 5 6 8 9 10 12 13 14 | 14.1
Shields        | 4 5 6 8 9 10 12 13 14 | 14.1
Dodging        | 1 4 6 |  6.8
Invocations    | 3 |  3.3

Action                   |  1- 3 |  4- 6 |  7- 9 | 10-12 | 13-15 || total
-------------------------+-------+-------+-------+-------+-------++-------
Melee: Flail             |   142 |   141 |   596 |  1353 |  2545 ||  4777
Invok: Heroism           |       |       |       |     5 |     4 ||     9
       Finesse           |       |       |       |     1 |     1 ||     2
Evoke: Wand              |       |       |       |       |     5 ||     5
  Use: Scroll            |       |       |     9 |       |    19 ||    28
       Potion            |       |       |       |     2 |    10 ||    12
  Eat: Chunk             |     1 |     4 |    11 |    21 |    39 ||    76
       Royal jelly       |       |       |     1 |       |       ||     1
       Meat ration       |       |       |       |     1 |     1 ||     2
       Fruit             |       |       |       |       |     1 ||     1
Armor: Scale mail        |    76 |    68 |   273 |   831 |   235 ||  1483
       Ring mail         |       |       |    45 |       |   618 ||   663
Dodge: Dodged            |    43 |    46 |   115 |   271 |   535 ||  1010
Block: Shield            |    67 |    74 |       |       |       ||   141
       Large shield      |       |    14 |   563 |  1437 |  2770 ||  4784
       Reflection        |       |       |       |       |    14 ||    14
